 Dungeon Crawl Stone Soup version 0.29.0-5-ge4962eb29e (webtiles) character file.

Game seed: 12598766214516175916

2039 Arcadio the Magician (level 9, -5/62 HPs)
             Began as a Purple Draconian Fire Elementalist on Aug 29, 2022.
             Was a Believer of Ru.
             Slain by an orc warlord
             ... wielding a +6 broad axe
              (34 damage)
             ... in a bailey.
             The game lasted 00:15:32 (8018 turns).

Arcadio the Magician (DrFE)                         Turns: 8018, Time: 00:15:33

Health: -5/62      AC:  7    Str: 11    XL:     9   Next: 4%
Magic:  13/20      EV: 13    Int: 23    God:    Ru [**....]
Gold:   454        SH:  0    Dex:  7    Spells: 4/23 levels left

rFire   + . .      SeeInvis .   t - +6 long sword of Petaem {vorpal, *Slow rC+++ Int+4 Dex-5}
rCold   + + .      Faith    +   (shield unavailable)
rNeg    . . .      Spirit   .   (body armour unavailable)
rPois   .          Reflect  .   (helmet restricted)
rElec   .          Harm     .   (no cloak)
rCorr   .          Rampage  .   (no gloves)
Will    +....                   (no boots)
Stlth   +.........              x - amulet of faith
HPRegen 0.20/turn               (ring unavailable)
MPRegen 0.17/turn               v - ring of fire

@: no status effects
A: breathe power, AC +7, unfitting armour, cold-blooded, missing a hand
a: Breathe Dispelling Energy, Renounce Religion


You were in a bailey.
You worshipped Ru.
Ru was pleased with you.
You visited 2 branches of the dungeon, and saw 8 of its levels.
You also visited: Bailey.

You collected 454 gold pieces.

Inventory:

Hand Weapons
 d - a +0 whip
 e - a +1 vorpal falchion
 f - a +0 mace
 t - the +6 long sword of Petaem (weapon) {vorpal, *Slow rC+++ Int+4 Dex-5}
   (You found it on level 3 of the Dungeon)

   It inflicts extra damage upon your enemies.
   Int:       It affects your intelligence (+4).
   Dex:       It affects your dexterity (-5).
   rC:        It renders you almost immune to cold.
   *Slow:     It may slow you when you take damage.
 u - the +8 sling of Doom {vorpal, rPois rF+++ Will- Stlth+}
   (You found it on level 3 of the Dungeon)

   Any ammunition fired from it inflicts extra damage upon your enemies.
   rF:        It renders you almost immune to fire.
   rPois:     It protects you from poison.
   Will:      It decreases your willpower.
   Stlth:     It makes you more stealthy.
Jewellery
 h - an amulet of guardian spirit
 i - a +4 ring of protection
 v - a ring of fire (right hand)
 x - an amulet of faith (around neck)
 y - a ring of poison resistance
 E - a ring of willpower
Wands
 D - a wand of charming (10)
Scrolls
 c - 3 scrolls of amnesia
 j - 2 scrolls of fog
 k - 2 scrolls of teleportation
 m - a scroll of fear {unknown}
 q - 2 scrolls of enchant weapon
 r - a scroll of poison {unknown}
 s - a scroll of silence
 A - a scroll of blinking
 G - a scroll of summoning {unknown}
Potions
 a - 2 potions of magic
 g - 2 potions of haste
 l - 5 potions of flight
 n - 4 potions of brilliance
 o - 2 potions of curing {unknown}
 p - 3 potions of berserk rage
 w - a potion of attraction
 z - a potion of resistance
 B - 2 potions of might
 C - 3 potions of lignification
 F - 2 potions of invisibility {unknown}


   Skills:
 + Level 6.5 Dodging
 - Level 1.7 Stealth
 + Level 7.8 Spellcasting
 - Level 1.0 Conjurations
 + Level 7.5 Fire Magic


You had 4 spell levels left.
You knew the following spells:

 Your Spells              Type           Power      Damage    Failure   Level
a - Foxfire               Conj/Fire      100%       2x1d9     1%          1
b - Scorch                Fire           100%       2d10      1%          2
c - Conjure Flame         Conj/Fire      43%        6-21      3%          3
d - Inner Flame           Hex/Fire       39%        N/A       4%          3
e - Flame Wave            Conj/Fire      43%        2d11      12%         4
f - Starburst             Conj/Fire      21%        6d7       88%         6

Your spell library contained the following spells:

 Spells                   Type           Power      Damage    Failure   Level
 Magic Dart               Conj           52%        1d5       4%          1
 Searing Ray              Conj           26%        2d5       7%          2
 Dazzling Flash           Conj/Hex       22%        N/A       17%         3
 Fulminant Prism          Conj/Hex       5%         3d7       50%         4
 Iskenderun's Mystic Bla  Conj/Tloc      11%        2d4       50%         4
 Corpse Rot               Necr/Pois/Air  9%         N/A       56%         4
 Dispel Undead            Necr           9%         3d8       56%         4
 Death Channel            Necr           4%         N/A       100%        6


Dungeon Overview and Level Annotations

Branches:
Dungeon (7/15) Zot: 26972  Temple (1/1) D:5 Zot: 5949  Bailey (1/1) Zot: 5495

Altars:
Ashenzari
Dithmenos
Elyvilon
Fedhas
Hepliaklqana
Nemelex Xobeh
Okawaru
Qazlal
Ru
Trog
Vehumet
Xom
Yredelemnul
The Shining One

Shops:
D:7 *


Innate Abilities, Weirdness & Mutations

You can breathe bolts of dispelling energy.
Your rich purple scales are hard. (AC +7)
You cannot fit into any form of body armour.
You are cold-blooded and may be slowed by cold attacks.
You are missing a hand.


Message History

Okay, then.
Okay, then.
Things that are here:
a +0 hand axe; a +0 leather armour You open the gate.
The orc warlord roars a battlecry!
Things that are here:
a +0 hand axe; a +0 leather armour
Casting: Scorch (safe; 1% risk of failure)
Confirm with . or Enter, or press ? or * to list all spells.
Okay, then.
Okay, then.
Okay, then.
Casting: Scorch (safe; 1% risk of failure)
Confirm with . or Enter, or press ? or * to list all spells.
You feel a surge of power!
Flames lash the orc warlord.
The orc warlord is lightly wounded.
The orc warlord's fire resistance burns away.
The orc warlord attacks as you move away!
The orc warlord hits you with a +6 broad axe!
Casting: Scorch (safe; 1% risk of failure)
Confirm with . or Enter, or press ? or * to list all spells.
You feel a surge of power!
Flames lash the orc warlord.
The orc warlord is lightly wounded.
The orc warlord misses you.
Casting: Scorch (safe; 1% risk of failure)
Confirm with . or Enter, or press ? or * to list all spells.
You feel a surge of power!
Flames lash the orc warlord.
The orc warlord is burned terribly!
The orc warlord is lightly wounded.
The orc warlord hits you with a +6 broad axe!!
Things that are here:
a +0 hand axe; a +0 leather armour; a gnoll corpse
Casting: Scorch (safe; 1% risk of failure)
Confirm with . or Enter, or press ? or * to list all spells.
You feel a surge of power!
Flames lash the orc warlord but do no damage.
The orc warlord hits you with a +6 broad axe!!
Ouch! That really hurt!
You die...

~~~.#~..8...8..~#.~~~...♣
~~~)##.........##.~~~...♣♣
~~~.#~....∩....~#.~~~...∩♣
~~~.#~.........~#.~~~...♣♣
~~~.#~~.8...8.~~#.~~~...♣
###'###.......###'###..♣♣
#....#~.8...8.~#....##.♣
.....#~~~~~~o~~#.....##♣
.....####~~~####@.....##
.8......#'''#..o...8...#
.............).!.......#
............(..........#
.8..8..)...)....8..8..##
.......#######.......##
#.....## ##.....## ##...##
##...## ##### #####


You could see an orc warlord (combustible).

Vanquished Creatures
  Grinder (D:5)
  Menkaure (D:5)
  3 orc warriors (Bailey)
  A black bear (D:5)
  An ogre (D:5)
  A centaur (D:7)
  A phantom (D:5)
  A bullfrog (D:6)
  Blork the orc (D:5)
  3 scorpions
  A gnoll sergeant (D:6)
  A howler monkey (D:6)
  4 jellies (D:5)
  6 hounds
  2 orc priests
  Terence (D:1)
  2 iguanas
  11 gnolls
  6 adders
  An ufetubus (D:5)
  2 worms
  4 dart slugs
  16 orcs
  A ball python (D:2)
  8 endoplasms
  5 giant cockroaches
  4 goblins
  11 hobgoblins
  5 jackals (D:5)
  14 kobolds
  6 quokkas
  4 bats
  A frilled lizard (D:1)
  4 rats
134 creatures vanquished.

Vanquished Creatures (others)
  109 foxfires
  9 plants (D:2)
118 creatures vanquished.

Grand Total: 252 creatures vanquished

Notes
Turn   | Place    | Note
-------+----------+-------------------------------------------
     0 | D:1      | Arcadio the Draconian Fire Elementalist began the quest for
                  | the Orb.
     0 | D:1      | Reached XP level 1. HP: 14/14 MP: 3/3
   597 | D:1      | Reached XP level 2. HP: 20/20 MP: 1/5
   600 | D:1      | Learned a level 2 spell: Scorch
  1225 | D:1      | Found a faded altar of an unknown god.
  1236 | D:1      | Reached XP level 3. HP: 26/26 MP: 3/6
  1351 | D:2      | Noticed Terence
  1611 | D:1      | Killed Terence
  2121 | D:2      | Found a shimmering altar of Xom.
  2226 | D:2      | Reached XP level 4. HP: 33/33 MP: 5/8
  3139 | D:3      | Identified the +6 long sword of Petaem {vorpal, *Slow rC+++
                  | Int+4 Dex-5}
  3551 | D:3      | Identified the +8 sling of Doom {vorpal, rPois rF+++ Will-
                  | Stlth+}
  3880 | D:3      | Found a stormy altar of Qazlal.
  4102 | D:4      | Found a bloodstained altar of Trog.
  4118 | D:4      | Reached XP level 5. HP: 33/38 MP: 6/9
  4434 | D:4      | Found a shimmering altar of Xom.
  4766 | D:5      | Entered Level 5 of the Dungeon
  4781 | D:5      | Noticed an ogre
  4787 | D:5      | Killed an ogre
  4788 | D:5      | Reached XP level 6. HP: 45/45 MP: 7/11
  4884 | D:5      | Reached skill level 5 in Fire Magic
  5248 | D:5      | Your scales start taking on a rich purple colour.
  5248 | D:5      | Reached skill level 5 in Spellcasting
  5248 | D:5      | Reached XP level 7. HP: 36/50 MP: 9/14
  5465 | D:5      | Found a staircase to the Ecumenical Temple.
  5474 | Temple   | Entered the Ecumenical Temple
  5474 | Temple   | Found a transporter.
  5474 | Temple   | Found a transporter.
  5476 | Temple   | Found a transporter.
  5476 | Temple   | Found a transporter.
  5504 | Temple   | Became a worshipper of Ru the Awakened
  5577 | D:5      | Noticed Menkaure
  5586 | D:5      | Killed Menkaure
  5697 | D:5      | Found a hazy altar of Hepliaklqana.
  5697 | D:5      | Noticed Blork the orc
  5702 | D:5      | Killed Blork the orc
  5766 | D:5      | Noticed Grinder
  5772 | D:5      | Killed Grinder
  5773 | D:5      | Reached skill level 5 in Dodging
  5773 | D:5      | Reached XP level 8. HP: 57/57 MP: 7/17
  6539 | D:6      | Found a radiant altar of Vehumet.
  7100 | D:6      | Learned a level 3 spell: Conjure Flame
  7104 | D:6      | Learned a level 3 spell: Inner Flame
  7109 | D:6      | Learned a level 4 spell: Flame Wave
  7116 | D:6      | Learned a level 6 spell: Starburst
  7506 | D:7      | Found Jaun's Neck Hole.
  7519 | D:7      | Found a flagged portal.
  7529 | Bailey   | Entered a bailey
  7574 | Bailey   | Noticed an orc warlord
  7592 | Bailey   | Gained mutation: You are missing a hand. [Ru sacrifice]
  7592 | Bailey   | Reached * piety under Ru
  7592 | Bailey   | Reached ** piety under Ru
  7807 | Bailey   | Found a runed translucent gate.
  7810 | Bailey   | Found a runed translucent gate.
  7812 | Bailey   | Found a runed translucent gate.
  7820 | Bailey   | Reached XP level 9. HP: 62/62 MP: 15/20
  8018 | Bailey   | Slain by an orc warlord

Illustrated notes

Levels and vault maps discovered:
D:1:      nzn_arrival_crosshair, layout_loops_ring,
          dreamdust_ecumenical_altar_grove
D:2:      layout_rooms, serial_forest, infiniplex_forest_pool,
          infiniplex_forest_join, infiniplex_forest_straight_2,
          infiniplex_forest_clump_double, infiniplex_forest_split,
          infiniplex_forest_end_3, infiniplex_forest_clump_C,
          infiniplex_forest_end_2, infiniplex_forest_end_3, basic_altar,
          uniq_terence
D:3:      layout_loops_ring, lemuel_tele_altar
D:4:      layout_cave_pools, mainiacjoe_overflow_small_starburst,
          nicolae_overflow_hidden_temple
D:5:      layout_basic, mainiacjoe_overflow_six_doors_small,
          minmay_temple_entry_statues_pillars, grunt_decor_arrowhead,
          uniq_menkaure, uniq_blork_the_orc, uniq_grinder
D:6:      cheibrodos_iron_armory, layout_loops_ring, overflow_temple_1_default
D:7:      layout_gridville, nicolae_wu_jian_glorious_leap,
          kennysheep_vampire_church, tgw_sif, enter_bailey_1,
          gammafunk_ghost_split, nicolae_shop_sticking_my_neck_out
Temple:   hellmonk_temple_divided_pantheon
Bailey:   bailey_axe_bossmonster_kennysheep, bailey

Skill      XL: |  1  2  3  4  5  6  7  8 |
---------------+-------------------------+-----
Dodging        | 2 3 4 5 6 |  6.5
Spellcasting   | 3 5 6 7 |  7.8
Fire Magic     | 4 5 6 7 |  7.5
Stealth        | |  1.7
Conjurations   | |  1.0

Action                   |  1- 3 |  4- 6 |  7- 9 || total
-------------------------+-------+-------+-------++-------
Melee: Whip              |    66 |       |       ||    66
       Tailslap          |    12 |     5 |     3 ||    20
       Punch             |     1 |       |       ||     1
       Falchion          |    13 |    21 |       ||    34
       Long sword        |       |    46 |    44 ||    90
 Cast: Foxfire           |    17 |    20 |    26 ||    63
       Scorch            |    12 |    35 |    60 ||   107
Invok: Sacrifice a Hand  |       |       |     1 ||     1
 Abil: Breathe Dispellin |       |       |     2 ||     2
  Use: Scroll            |     2 |       |    13 ||    15
 Stab: Sleeping          |     1 |     1 |     1 ||     3
Armor: Skin              |    38 |    33 |    25 ||    96
Dodge: Dodged            |    56 |    52 |    51 ||   159
